 Dungeon Crawl Stone Soup version 0.30.1 (webtiles) character file.

Game seed: 17336634089300783061

154013 McKennaii the Scorcher (level 16, -10/118 HPs)
             Began as a Demigod Conjurer on July 10, 2023.
             Mangled by a five-headed hydra (13 damage)
             ... on level 4 of the Swamp.
             The game lasted 01:09:19 (42901 turns).

McKennaii the Scorcher (Demigod Conjurer)          Turns: 42901, Time: 01:09:20

Health: -10/118    AC: 15    Str: 11    XL:     16   Next: 50%
Magic:  12/57      EV: 12    Int: 52    God:
Gold:   787        SH:  0    Dex: 12    Spells: 33/48 levels left

rFire   + + .        Y - +6 Majin-Bo {spellvamp, MP+6 Int+6}
rCold   . . .        (no shield)
rNeg    . . .        D - +5 steam dragon scales
rPois   .            (no helmet)
rElec   .            G - +0 cloak
rCorr   .            j - +2 pair of gloves
SInv    .            R - +0 pair of boots
Will    +....        U - amulet of magic regeneration
Stlth   ++           B - ring of Xom's Passing Interest {rF++ Str+3 Int+6}
HPRegen 0.39/turn    m - ring of magical power
MPRegen 0.75/turn

%: no passive effects
@: lethally poisoned (-10 -> -26)
A: high MP 1, forlorn, divine attributes
a: no special abilities


You were on level 4 of the Swamp.
You visited 4 branches of the dungeon, and saw 26 of its levels.
You also visited: Ossuary.

You collected 3239 gold pieces.
You spent 2452 gold pieces at shops.

Inventory:

Hand Weapons
 o - the +5 flail of Interdependent Arising {venom, rC++ MP+9 Dex+3}
   (You found it on level 2 of the Dungeon)

   Dex:       It affects your dexterity (+3).
   rC:        It greatly protects you from cold.
   MP:        It affects your magic capacity (+9).
 X - the +8 whip of Dishonesty {drain, Will+ Str+2 Int+2 SInv}
   (You took it off a centaur warrior on level 14 of the Dungeon)

   Str:       It affects your strength (+2).
   Int:       It affects your intelligence (+2).
   SInv:      It lets you see invisible.
   Will:      It increases your willpower.
 Y - the +6 Majin-Bo (weapon) {spellvamp, MP+6 Int+6}
   (You acquired it on level 2 of the Orcish Mines)

   Int:       It affects your intelligence (+6).
   MP:        It affects your magic capacity (+6).
Armour
 j - a +2 pair of gloves (worn)
 p - a +0 kite shield of reflection
 D - +5 steam dragon scales (worn)
 G - a +0 cloak (worn)
 R - a +0 pair of boots (worn)
Jewellery
 a - a ring of ice
 g - a ring of resist corrosion
 m - a ring of magical power (right hand)
 s - a ring of poison resistance
 y - a ring of flight
 B - the ring of Xom's Passing Interest (left hand) {rF++ Str+3 Int+6}
   (You acquired it on level 2 of the Orcish Mines)

   [ring of intelligence]

   Str:       It affects your strength (+3).
   Int:       It affects your intelligence (+6).
   rF:        It greatly protects you from fire.
 I - a ring of positive energy
 Q - a ring of fire
 U - an amulet of magic regeneration (around neck)
 W - a ring of willpower
Wands
 w - a wand of mindburst (15)
 E - a wand of flame (30)
 J - a wand of polymorph (20)
 K - a wand of roots (34)
 S - a wand of charming (11)
Scrolls
 f - 8 scrolls of amnesia
 h - 6 scrolls of vulnerability
 i - 20 scrolls of teleportation
 l - 5 scrolls of blinking
 n - 7 scrolls of enchant weapon
 t - 4 scrolls of enchant armour
 u - 5 scrolls of poison
 v - 2 scrolls of immolation
 z - 5 scrolls of fear
 F - a scroll of summoning
 M - 3 scrolls of brand weapon
 O - 2 scrolls of torment
 V - 2 scrolls of magic mapping
Potions
 b - a potion of magic
 c - 3 potions of flight
 d - 6 potions of attraction
 e - 12 potions of ambrosia
 k - 13 potions of curing
 q - 3 potions of lignification
 r - 5 potions of heal wounds
 x - 2 potions of resistance
 A - 2 potions of cancellation
 C - 3 potions of haste
 H - 4 potions of brilliance
 L - 2 potions of mutation
 N - 6 potions of might
 T - a potion of berserk rage
 Z - a potion of invisibility


   Skills:
 + Level 4.5 Fighting
 - Level 1.7 Dodging
 - Level 1.7 Stealth
 * Level 16.8 Spellcasting
 - Level 10.3 Conjurations
 + Level 19.6 Fire Magic


You had 33 spell levels left.
You knew the following spells:

 Your Spells              Type           Power      Damage    Failure   Level
a - Magic Dart            Conj           100%       1d8       0%          1
b - Searing Ray           Conj           100%       2d8       0%          2
c - Iskenderun's Mystic   Conj/Tloc      77%        2d15      1%          4
g - Ignition              Fire           64%        3d17      1%          8

Your spell library contained the following spells:

 Spells                   Type           Power      Damage    Failure   Level
 Foxfire                  Conj/Fire      100%       2x1d9     0%          1
 Scorch                   Fire           100%       2d9       0%          2
 Flame Wave               Conj/Fire      100%       2d21      0%          4
 Beastly Appendage        Tmut           86%        N/A       1%          1
 Kiss of Death            Conj/Necr      100%       2d13      1%          1
 Summon Small Mammal      Summ           100%       N/A       1%          1
 Poisonous Vapours        Pois/Air       86%        N/A       1%          2
 Static Discharge         Conj/Air       100%       2-7/arc   1%          2
 Wereblood                Tmut           43%        N/A       1%          2
 Call Canine Familiar     Summ           43%        N/A       1%          3
 Dazzling Flash           Conj/Hex       100%       N/A       1%          3
 Ignite Poison            Fire/Tmut/Pois 84%        N/A       1%          3
 Mephitic Cloud           Conj/Pois/Air  68%        N/A       1%          3
 Ozocubu's Armour         Ice            43%        N/A       1%          3
 Portal Projectile        Hex/Tloc       86%        N/A       1%          3
 Spider Form              Tmut/Pois      43%        N/A       1%          3
 Summon Guardian Golem    Hex/Summ       43%        N/A       1%          3
 Fulminant Prism          Conj/Hex       38%        3d17      1%          4
 Freezing Cloud           Conj/Ice/Air   34%        6-21      2%          5
 Airstrike                Air            21%        2d(4-20)  3%          4
 Anguish                  Hex/Necr       21%        N/A       3%          4
 Cause Fear               Hex            21%        N/A       3%          4
 Leda's Liquefaction      Hex/Erth       21%        N/A       3%          4
 Olgreb's Toxic Radiance  Pois           43%        N/A       3%          4
 Summon Lightning Spire   Summ/Air       43%        N/A       3%          4
 Metabolic Englaciation   Hex/Ice        21%        N/A       11%         5
 Simulacrum               Ice/Necr       21%        N/A       52%         6
 Fire Storm               Conj/Fire      57%        8d15      63%         9
 Enfeeble                 Hex            21%        N/A       97%         7
 Discord                  Hex            21%        N/A       100%        8


Dungeon Overview and Level Annotations

Branches:
Dungeon (15/15)            Temple (0/1) D:6            Lair (5/5) D:11
  Swamp (4/4) Lair:2        Snake (0/4) Lair:3        Slime (0/5) Lair:5
    Orc (2/2) D:11            Elf (0/3) Orc:2        Vaults (0/5) D:14
 Depths (0/4) D:15        Ossuary (visited)

Shops:
D:3 *   D:6 *   D:8 !   Orc:1 *   Orc:2 ?***

Annotations:
Swamp:3 Roxanne


Innate Abilities, Weirdness & Mutations

You have an increased reservoir of magic. (+10% MP)
You shall have no god before yourself.
Your divine heritage dramatically boosts your attributes as you level up.


Message History

Unknown command.
Unknown command.
The five-headed hydra is engulfed in a cloud of scalding steam.
A seven-headed hydra comes into view.
The five-headed hydra roars!
The seven-headed hydra roars!
The five-headed hydra is engulfed in a cloud of scalding steam.
You enter the shallow water.
Moving in this stuff is going to be slow.
The seven-headed hydra is engulfed in a cloud of scalding steam. x2
The swamp dragon breathes poison at you.
The blast of poison engulfs you but does no damage.
You are poisoned.
You are engulfed in poison gas.
You are more poisoned.
You feel extremely sick.
The five-headed hydra attacks as you move away!
The five-headed hydra barely misses you.
The five-headed hydra bites you but does no damage.
The five-headed hydra bites you. x2; The five-headed hydra misses you.
You are engulfed in poison gas.
You are more poisoned.
You feel extremely sick.
You enter the shallow water.
Moving in this stuff is going to be slow.
You feel extremely sick.
The five-headed hydra attacks as you move away!
The five-headed hydra bites you!
* * * LOW HITPOINT WARNING * * *
The five-headed hydra closely misses you.
The five-headed hydra bites you but does no damage. x2
The five-headed hydra bites you!
* * * LOW HITPOINT WARNING * * *
x2 You feel extremely sick.
The five-headed hydra bites you.
* * * LOW HITPOINT WARNING * * *
The five-headed hydra bites you.
* * * LOW HITPOINT WARNING * * *
The five-headed hydra closely misses you.
The five-headed hydra bites you!
You die...

♣~..♣♣~...~~~~~§
♣♣<~~♣♣~♣♣.§~§~§.~
♣♣♣.~~~~.~~..~~~~~.§
♣♣<§....~....~~~.~~~
♣.~§.~...~~......~§§
♣.~~[~~.~~...~~..♣♣♣
♣♣~..§~§....~......♣
♣~~~.~~~~~.~[...~~~♣♣♣
♣.~~..~~~~~~..@~~~~~~♣
♣.~~.~~..~~.♣♣.D~~.~.♣
♣♣~~~♣♣♣♣~♣♣♣♣♣♣D~.~.♣
♣♣♣♣♣ ♣♣♣♣♣♣○○°~..♣♣
♣♣~°°°○D~.♣♣
♣$.○☼°.°~.~♣
♣♣♣♣~~○~~[~~~.
~.~~~~~~~~~
...~~~~~~~~~.


You could see a seven-headed hydra and a five-headed hydra.

Vanquished Creatures
  Jorgrun (D:15)
  Mlioglotl (Swamp:3)
  A tentacled monstrosity (Swamp:1)
  A thorn hunter (Swamp:4)
  Donald (Orc:2)
  Agnes (D:15)
  Frances (D:14)
  A fenstrider witch (Swamp:4)
  2 orc warlords (Orc:2)
  5 eleionomae
  3 bunyips
  Snorg (D:11)
  An ettin (D:14)
  4 fire dragons
  Josephine (D:15)
  4 ghost crabs
  4 vault guards
  19 hydras
  11 boulder beetles
  6 two-headed ogres
  6 alligators
  13 centaur warriors
  A tengu warrior (D:15)
  4 death yaks (Lair:3)
  Urug (Lair:1)
  An orc high priest (Orc:2)
  8 goliath frogs
  A skeletal warrior (D:9)
  A spriggan druid (Swamp:3)
  A death drake (Swamp:1)
  4 bog bodies
  5 swamp dragons
  A deep elf archer (D:14)
  7 deep elf pyromancers
  A wizard (D:14)
  A lindwurm (Lair:5)
  A wolf spider (D:14)
  6 orc knights
  3 will-o-the-wisps
  An orc sorcerer (D:15)
  13 ugly things
  10 cyclopes
  4 manticores
  Maurice (D:10)
  10 black mambas
  13 elephants
  2 gargoyles
  Maggie (D:6)
  2 yaktaurs (D:14)
  An unseen horror (D:13)
  A freezing wraith (D:14)
  6 komodo dragons
  18 cane toads
  A kobold demonologist (D:14)
  A rime drake (Lair:4)
  An efreet (D:14)
  3 tengu conjurers
  6 meliai
  A bloated husk (Swamp:4)
  10 tyrant leeches
  10 trolls
  A queen bee (Lair:2)
  A wolf spider simulacrum (D:14)
  7 saltlings (Orc:2)
  21 blink frogs
  A hornet (D:14)
  14 dream sheep
  5 slime creatures
  A centaur simulacrum (D:15)
  3 shadows
  2 water elementals (D:13)
  6 wyverns
  5 wraiths
  44 yaks
  8 humans (D:14)
  Grum (D:8)
  6 basilisks
  A vampire (D:9)
  4 steam dragons
  16 vampire mosquitoes
  12 swamp worms
  4 wargs
  Duvessa (D:5)
  19 water moccasins
  20 orc warriors
  2 swamp drakes (Swamp:2)
  A sky beast (D:7)
  6 black bears
  A hornet zombie (Ossuary)
  4 ogres
  2 ice beasts
  A boggart (D:14)
  21 wolves
  4 centaurs
  4 phantoms
  A kobold brigand (D:8)
  Blork the orc (D:5)
  2 wyvern zombies (Ossuary)
  A scorpion (D:5)
  2 water moccasin zombies (Ossuary)
  22 bullfrogs
  7 gnoll sergeants
  10 wights
  Dowan (D:5)
  31 killer bees
  A troll zombie (D:11)
  6 howler monkeys
  14 jellies
  4 electric eels (D:13)
  6 bullfrog zombies (Ossuary)
  4 centaur zombies (Ossuary)
  4 hounds
  Crazy Yiuf (D:6)
  9 orc priests
  2 gnoll boudas
  2 sleepcaps
  An iguana (D:6)
  13 orc wizards
  4 hell rats (Lair:3)
  2 killer bee zombies (Ossuary)
  7 ogre zombies (D:11)
  13 mummies
  2 howler monkey zombies (Ossuary)
  33 gnolls
  5 adders
  A shadow imp (D:5)
  2 white imps (D:8)
  3 worms
  3 dart slugs
  53 orcs
  4 bats
  18 endoplasms
  4 giant cockroaches
  12 goblins
  5 hobgoblins
  8 quokkas
  5 ball pythons
  A frilled lizard (D:1)
  A goblin skeleton (D:11)
  2 goblin zombies (D:11)
  2 hobgoblin skeletons (D:11)
  5 hobgoblin zombies
  18 kobolds
  3 orc skeletons (D:11)
  14 orc zombies
  9 rats
  2 starspawn tentacles (Swamp:3)
886 creatures vanquished.

Vanquished Creatures (others)
  A bloated husk (Swamp:3)
  A basilisk (D:14)
  16 foxfires (Swamp:2)
18 creatures vanquished.

Grand Total: 904 creatures vanquished

Notes
Turn   | Place    | Note
-------+----------+-------------------------------------------
     0 | D:1      | McKennaii the Demigod Conjurer began the quest for the Orb.
     0 | D:1      | Reached XP level 1. HP: 14/14 MP: 5/5
   235 | D:1      | Reached XP level 2. HP: 18/20 MP: 2/7
  1320 | D:2      | Reached XP level 3. HP: 26/26 MP: 4/9
  1323 | D:2      | Learned a level 2 spell: Searing Ray
  1905 | D:2      | Identified the +5 flail of Interdependent Arising {venom,
                  | rC++ MP+9 Dex+3}
  2693 | D:3      | Reached XP level 4. HP: 33/33 MP: 11/11
  2698 | D:3      | Learned a level 4 spell: Iskenderun's Mystic Blast
  2829 | D:3      | Found Ciebbopo's Assorted Antiques.
  2855 | D:3      | Bought a scroll labelled TAILOR ELEDGHIGG for 23 gold
                  | pieces
  2855 | D:3      | Bought a scroll labelled ZETADUMAPS for 23 gold pieces
  2855 | D:3      | Bought a scroll labelled YMENON GEONKUC for 23 gold pieces
  2855 | D:3      | Bought a scroll labelled GILLYO EMON for 23 gold pieces
  3458 | D:4      | Reached skill level 5 in Conjurations
  3499 | D:4      | Noticed a water moccasin
  3510 | D:4      | Killed a water moccasin
  3511 | D:4      | Reached XP level 5. HP: 28/38 MP: 12/12
  3981 | D:5      | Entered Level 5 of the Dungeon
  4171 | D:5      | Reached XP level 6. HP: 45/45 MP: 13/13
  4324 | D:5      | Noticed a water moccasin
  4330 | D:5      | Killed a water moccasin
  4411 | D:5      | Reached XP level 7. HP: 50/50 MP: 14/14
  4498 | D:5      | Noticed Blork the orc
  4507 | D:5      | Killed Blork the orc
  5162 | D:5      | Noticed Duvessa
  5162 | D:5      | Noticed Dowan
  5174 | D:5      | Killed Duvessa
  5177 | D:5      | Killed Dowan
  5463 | D:5      | Reached XP level 8. HP: 56/57 MP: 15/15
  6119 | D:6      | Reached skill level 10 in Conjurations
  6547 | D:6      | Reached skill level 5 in Spellcasting
  6551 | D:6      | Reached XP level 9. HP: 50/62 MP: 12/21
  7116 | D:6      | Found Patiocoj's Fire Supplies.
  7151 | D:6      | Noticed Maggie
  7163 | D:6      | Killed Maggie
  7528 | D:6      | Found a runed translucent door.
  7529 | D:6      | Noticed Crazy Yiuf
  7798 | D:6      | Found a staircase to the Ecumenical Temple.
  7881 | D:6      | Killed Crazy Yiuf
  9138 | D:8      | Reached XP level 10. HP: 45/69 MP: 25/27
  9158 | D:8      | Noticed a boulder beetle
  9171 | D:8      | Noticed a tengu warrior
  9174 | D:8      | Noticed a rakshasa
  9216 | D:8      | Found a sand-covered staircase.
  9223 | Ossuary  | Entered an ossuary
  9867 | Ossuary  | Reached skill level 10 in Spellcasting
 10294 | D:8      | Found Diwoenau's Distillery.
 10297 | D:8      | Bought a potion of curing for 42 gold pieces
 10297 | D:8      | Bought a potion of heal wounds for 70 gold pieces
 10834 | D:8      | Noticed a cyclops
 10834 | D:8      | Noticed a two-headed ogre
 10835 | D:8      | Noticed a deep elf pyromancer
 10835 | D:8      | Noticed a two-headed ogre
 10938 | D:8      | Noticed Grum
 10948 | D:8      | Killed Grum
 11621 | D:3      | Bought a smoking ring mail for 207 gold pieces
 11621 | D:3      | Identified the +4 ring mail of the Slorg {Drain rElec rC++
                  | SInv} (You bought it in a shop on level 3 of the Dungeon)
 11621 | D:3      | Bought a scroll labelled YMENON GEONKUC for 23 gold pieces
 11937 | D:9      | Noticed a deep elf pyromancer
 11941 | D:9      | Killed a deep elf pyromancer
 12106 | D:9      | Noticed a deep elf pyromancer
 12289 | D:9      | Noticed a two-headed ogre
 12302 | D:9      | Killed a two-headed ogre
 12335 | D:9      | Noticed a cyclops
 12357 | D:9      | Killed a cyclops
 12358 | D:9      | Reached XP level 11. HP: 74/74 MP: 11/31
 12540 | D:9      | Noticed a two-headed ogre
 12550 | D:9      | Killed a two-headed ogre
 12634 | D:9      | Killed a deep elf pyromancer
 12687 | D:9      | Noticed a skeletal warrior
 12695 | D:9      | Killed a skeletal warrior
 12696 | D:9      | Noticed a five-headed hydra
 12999 | D:9      | Killed a five-headed hydra
 13250 | D:9      | Identified the +7 dagger of Terra Cotta {elec, Dex+3}
 13512 | D:10     | Entered Level 10 of the Dungeon
 13958 | D:10     | Noticed a two-headed ogre
 13970 | D:10     | Killed a two-headed ogre
 13977 | D:10     | Noticed Maurice
 14057 | D:10     | Killed Maurice
 14233 | D:10     | You fall into a shaft and drop 2 floors!
 14238 | D:12     | Noticed a deep elf pyromancer
 14658 | D:11     | Noticed a two-headed ogre
 14669 | D:11     | Killed a two-headed ogre
 15093 | D:11     | Reached XP level 12. HP: 68/81 MP: 35/35
 15188 | D:11     | Noticed Snorg
 15195 | D:11     | Noticed a boulder beetle
 15200 | D:11     | Killed Snorg
 15201 | D:11     | Reached skill level 15 in Spellcasting
 15283 | D:11     | Learned a level 8 spell: Ignition
 15288 | D:11     | Found a staircase to the Lair.
 15616 | D:11     | Reached skill level 1 in Fire Magic
 15626 | D:11     | Reached skill level 2 in Fire Magic
 15831 | Lair:1   | Entered Level 1 of the Lair of Beasts
 15848 | Lair:1   | Noticed a boulder beetle
 16549 | D:12     | Reached skill level 3 in Fire Magic
 16737 | D:13     | Noticed a centaur warrior
 16902 | D:13     | Killed a centaur warrior
 16903 | D:13     | Reached skill level 4 in Fire Magic
 17111 | D:13     | Reached skill level 5 in Fire Magic
 17529 | D:13     | Noticed a boulder beetle
 17629 | D:13     | Reached skill level 6 in Fire Magic
 18233 | D:14     | Noticed a vault guard
 18233 | D:14     | Noticed a vault guard
 18240 | D:14     | Reached skill level 7 in Fire Magic
 18242 | D:14     | Noticed a vault guard
 18243 | D:14     | Killed a vault guard
 18243 | D:14     | Noticed a vault guard
 18314 | D:13     | Killed a vault guard
 18341 | D:13     | Killed a vault guard
 18342 | D:13     | Reached skill level 8 in Fire Magic
 18565 | D:14     | Killed a vault guard
 18724 | D:14     | Found a gate to the Vaults.
 18756 | D:14     | Noticed a centaur warrior
 18934 | D:15     | Entered Level 15 of the Dungeon
 19207 | D:14     | Noticed a centaur warrior
 19209 | D:14     | Killed a centaur warrior
 19210 | D:14     | Reached skill level 9 in Fire Magic
 19220 | D:14     | Killed a centaur warrior
 19442 | D:14     | Noticed Frances
 19547 | D:14     | Noticed a four-headed hydra
 19808 | D:14     | Found a runed translucent door.
 19808 | D:14     | Found a runed translucent door.
 19808 | D:14     | Noticed a centaur warrior
 19808 | D:14     | Noticed an ettin
 19808 | D:14     | Noticed a centaur warrior
 19808 | D:14     | Noticed a boulder beetle
 19808 | D:14     | Noticed a centaur warrior
 19808 | D:14     | Noticed a boulder beetle
 19973 | D:14     | Found a runed translucent door.
 20011 | D:14     | Noticed a centaur warrior
 20064 | D:14     | Noticed a centaur warrior
 20075 | D:14     | Killed a centaur warrior
 20076 | D:14     | Reached XP level 13. HP: 77/86 MP: 32/37
 21079 | D:14     | Reached skill level 10 in Fire Magic
 21454 | D:15     | Noticed Agnes
 21465 | D:15     | Killed Agnes
 21489 | D:15     | Paralysed by an orc sorcerer for 4 turns
 22004 | D:15     | Noticed Josephine
 22007 | D:15     | Reached skill level 11 in Fire Magic
 22014 | D:15     | Killed Josephine
 23024 | D:15     | Noticed Jorgrun
 23163 | D:15     | Reached skill level 12 in Fire Magic
 23483 | D:15     | Found a staircase to the Depths.
 24269 | D:11     | Found a staircase to the Orcish Mines.
 25618 | Lair:1   | You fall into a shaft and drop 1 floor!
 25929 | Lair:1   | Noticed Urug
 25934 | Lair:1   | Reached skill level 13 in Fire Magic
 25957 | Lair:1   | Killed Urug
 27467 | Lair:2   | Found a staircase to the Swamp.
 27824 | Lair:3   | Reached XP level 14. HP: 82/93 MP: 32/38
 27903 | Lair:3   | Got the Folio of Red Zombies
 27926 | Lair:3   | Reached skill level 14 in Fire Magic
 28258 | Lair:3   | Found a staircase to the Snake Pit.
 28618 | Lair:3   | Found a transporter.
 28620 | Lair:3   | Found a transporter.
 29383 | Lair:3   | Reached skill level 15 in Fire Magic
 31119 | Lair:4   | Reached skill level 16 in Fire Magic
 31851 | Lair:5   | Entered Level 5 of the Lair of Beasts
 32706 | Lair:5   | Found a staircase to the Slime Pits.
 32729 | Lair:5   | Reached skill level 17 in Fire Magic
 33223 | Lair:5   | Reached XP level 15. HP: 72/99 MP: 29/39
 33552 | Lair:5   | Identified the staff of cold "Sabanoble" {rPois rC+}
 33559 | Lair:5   | Identified the +7 short sword "Kalicel" {heavy, Dex+4}
 34274 | D:14     | Killed Frances
 34477 | D:14     | Reached skill level 18 in Fire Magic
 34561 | D:14     | Found a runed translucent door.
 35439 | D:14     | Identified the +8 whip of Dishonesty {drain, Will+ Str+2
                  | Int+2 SInv}
 35827 | D:15     | Killed Jorgrun
 36167 | D:8      | Bought a potion of invisibility for 112 gold pieces
 36167 | D:8      | Bought a potion of cancellation for 112 gold pieces
 36242 | D:6      | Bought Sif Muna's Parchment of Anthracomancy for 616 gold
                  | pieces
 36380 | Orc:1    | Entered Level 1 of the Orcish Mines
 36543 | Orc:1    | Found Foshri Fyvyn's General Store.
 36552 | Orc:1    | Bought a scroll of teleportation for 54 gold pieces
 36552 | Orc:1    | Bought a scroll of magic mapping for 135 gold pieces
 36552 | Orc:1    | Bought a potion of curing for 54 gold pieces
 36552 | Orc:1    | Bought a scroll of fear for 72 gold pieces
 37089 | Orc:2    | Entered Level 2 of the Orcish Mines
 37168 | Orc:2    | Noticed Donald
 37417 | Orc:2    | Found a staircase to the Elven Halls.
 37746 | Orc:2    | Reached skill level 19 in Fire Magic
 37797 | Orc:2    | Found Ylutit's Magic Scroll Shop.
 38142 | Orc:2    | Found Ateadiun's Assorted Antiques.
 38144 | Orc:2    | Found Zues's General Store.
 38152 | Orc:2    | Bought a scroll of blinking for 262 gold pieces
 38156 | Orc:2    | Bought a book of Vapours for 416 gold pieces
 38478 | Orc:2    | Killed Donald
 38709 | Orc:2    | Found Axzaemmol's Assorted Antiques.
 38715 | Orc:2    | Bought 2 scrolls labelled XESHRE ZEMUUN for 68 gold pieces
 38746 | Orc:2    | Bought a scroll of teleportation for 39 gold pieces
 38746 | Orc:2    | Bought a scroll of fear for 52 gold pieces
 38746 | Orc:2    | Bought a scroll of identify for 26 gold pieces
 38853 | Orc:2    | Acquired the +6 Majin-Bo {spellvamp, MP+6 Int+6}
 38853 | Orc:2    | Found the +6 Majin-Bo {spellvamp, MP+6 Int+6}
 38861 | Orc:2    | Acquired the ring of Xom's Passing Interest {rF++ Str+3
                  | Int+6}
 38989 | Swamp:1  | Entered Level 1 of the Swamp
 39376 | Swamp:1  | Reached skill level 1 in Fighting
 39743 | Swamp:1  | Identified the orb of the Other World {mayhem, Harm Rampage
                  | rCorr Dex-2}
 39820 | Swamp:1  | Noticed a tentacled monstrosity
 39844 | Swamp:1  | Killed a tentacled monstrosity
 39845 | Swamp:1  | Reached XP level 16. HP: 42/111 MP: 6/41
 40787 | Swamp:2  | Identified the +7 quarterstaff of the Hummingbird
                  | {antimagic, rF++ Int-2}
 41576 | Swamp:3  | Noticed Mlioglotl
 42105 | Swamp:3  | Noticed a tentacled starspawn
 42106 | Swamp:3  | Noticed a bone dragon
 42107 | Swamp:3  | Killed Mlioglotl
 42328 | Swamp:3  | Noticed Roxanne
 42547 | Swamp:4  | Entered Level 4 of the Swamp
 42901 | Swamp:4  | HP: 3/118 [five-headed hydra (3)]
 42901 | Swamp:4  | Mangled by a five-headed hydra

Illustrated notes

Levels and vault maps discovered:
D:1:      lemuel_arrival_room, layout_basic, basic_ecumenical_altar,
          chequers_decorated_corner
D:2:      layout_loops_ring, minmay_box_of_dots
D:3:      layout_loops_ring, serial_shops, shop, minmay_splitting_lines
D:4:      layout_basic, mainiacjoe_overflow_small_starburst
D:5:      layout_basic, mainiacjoe_overflow_catch_the_wave, zin_scriptorium,
          jmf_multi_god_temple, chequers_big_river, minmay_misc_feat_iff,
          uniq_duvessa, uniq_blork_the_orc
D:6:      layout_cave_pods, minmay_temple_entry_antechambers,
          nicolae_shop_fire_sale [nicolae_sub_dead_trees],
          kennysheep_generic_room_2, uniq_maggie, uniq_crazy_yiuf_cottage
D:7:      hellmonk_ruined_rings, layout_basic, okawaru_metal_pillars_1_2
D:8:      layout_loops_corners, mainiacjoe_overflow_catwalk,
          nicolae_ossuary_entry_giza, serial_shops, kennysheep_mini_moat,
          minivault_12, uniq_grum
D:9:      nzn_winding_woodlands_three_and_one
          [nzn_winding_woodlands_5x15_parted, nzn_winding_woodlands_5x15_eye,
          nzn_winding_woodlands_5x15_pathside_ponds,
          nzn_winding_woodlands_center_triple_pond], layout_long_grid,
          trog_ov_bears_minmay, pdpol_wu_jian_five_deadly_venoms,
          minmay_checkerbox
D:10:     layout_roguey, uniq_maurice
D:11:     lemuel_slime, layout_rooms, lair_entry_dummy, zombieorc2_lemuel,
          uniq_snorg
D:12:     layout_basic
D:13:     layout_basic, amethyst_killhole
D:14:     minmay_the_grid_triangle_9x9_recursive_3
          [minmay_the_grid_triangle_9x9_alien,
          minmay_the_grid_triangle_9x9_sparse_checkered,
          minmay_the_grid_triangle_9x9_pentomino_pain,
          minmay_the_grid_triangle_9x9_prize_center,
          minmay_the_grid_triangle_9x9_subtriangle,
          minmay_the_grid_triangle_9x9_limited_checkers,
          minmay_the_grid_triangle_9x9_dagger,
          minmay_the_grid_triangle_9x9_checkered,
          minmay_the_grid_triangle_9x9_fully_insulated_deathbox],
          layout_loops_ring, ximxim_vaults_locker_room, serial_aquarium,
          aquarium_bridge_square [aquarium_subvault_bridge,
          aquarium_subvault_bridge, aquarium_subvault_bridge,
          aquarium_subvault_bridge], aquarium_window_2,
          aquarium_window_corridor_2, aquarium_window_2, aquarium_window_fake,
          aquarium_view_2a, aquarium_pool_2, uniq_frances
D:15:     grunt_enter_depths_hoard, layout_loops_ring,
          hangedman_abyss_or_decor_jellyfish_corner, uniq_josephine, uniq_agnes,
          uniq_jorgrun
Lair:1:   layout_gridlike, grunt_megastairs_1, uniq_urug
Lair:2:   layout_roguey [special_room_bee], palyth_hydra_swamp_entry,
          serial_bayou_shore_a, lemuel_fruit_tree, infiniplex_staircase_pool_2
Lair:3:   gammafunk_boulding_lane, layout_cave_pods,
          minmay_snake_entry_six_corridors, beast_lair_carwin_9,
          infiniplex_staircase_pool
Lair:4:   layout_cave_pods, grunt_megastairs_5
Lair:5:   minmay_lair_end_frog_pond, layout_hall_layers,
          nicolae_slime_entry_field_trip, serial_bayou_pond_e,
          grunt_forest_stairs_basic, grunt_forest_small_clearing_treed
Swamp:1:  cheibrodos_swamp_monstrosity, layout_falls_marsh,
          evilmike_swamp_ruin_house_3
Swamp:2:  layout_basic_swamp, nicolae_swamp_trees_clearing, swamp_pool1
Swamp:3:  layout_basic_swamp, nicolae_swamp_some_circles, swamp_pool1,
          uniq_roxanne, uniq_mlioglotl
Swamp:4:  swamp_alternative, layout_basic_swamp
Orc:1:    layout_diamond_mine, serial_shops, nicolae_shop_tiny_statue_garden,
          lightli_orcish_oven
Orc:2:    hellmonk_orc_salted, layout_caves, led_sif_book, uniq_donald

Skill      XL: |  1  2  3  4  5  6  7  8  9 10 11 12 13 14 15 16 |
---------------+-------------------------------------------------+-----
Spellcasting   | 2 6 9 12 14 15 16 | 16.8
Conjurations   | 4 5 6 7 9 10 | 10.3
Fire Magic     | 9 13 17 19 | 19.6
Fighting       | 2 4 |  4.5
Dodging        | |  1.7
Stealth        | |  1.7

Action                     |  1- 3 |  4- 6 |  7- 9 | 10-12 | 13-15 | 16-18 || total
---------------------------+-------+-------+-------+-------+-------+-------++-------
  Melee: Unarmed           |     2 |       |       |       |       |       ||     2
         Flail             |       |       |     2 |    28 |     4 |       ||    34
         Bo                |       |       |       |       |     1 |     2 ||     3
   Cast: Magic Dart        |   113 |    87 |   171 |   239 |   751 |    26 ||  1387
         Searing Ray       |     4 |    12 |    58 |   108 |    75 |     5 ||   262
         Iskenderun's Myst |       |       |    22 |   240 |   584 |    35 ||   881
         Ignition          |       |       |       |       |   155 |    98 ||   253
  Evoke: Wand              |       |       |       |     3 |    29 |     8 ||    40
    Use: Scroll            |       |       |       |    14 |    15 |     5 ||    34
         Potion            |       |       |       |     1 |     2 |       ||     3
 Armour: Robe              |     4 |     6 |     8 |       |       |       ||    18
         Steam dragon scal |       |       |    10 |    58 |   147 |    20 ||   235
         Troll leather arm |       |       |       |       |     5 |       ||     5
  Dodge: Dodged            |     7 |    10 |    46 |   161 |   231 |    23 ||   478
